 Dungeon Crawl Stone Soup version 0.18-a0-1203-gbde16db (webtiles) character file.

46 Ijustatesigmund the Skirmisher (level 3, -4/29 HPs)
             Began as a Demonspawn Fighter on Feb 1, 2016.
             Slain by a gnoll
             ... wielding a +0 spear
              (6 damage)
             ... on level 2 of the Dungeon.
             The game lasted 00:01:50 (1116 turns).

Ijustatesigmund the Skirmisher (Demonspawn Fighter) Turns: 1116, Time: 00:01:51

Health: -4/29      AC:  8    Str: 16    XL:     3   Next: 44%
Magic:  3/3        EV:  6    Int:  9    God:
Gold:   50         SH:  8    Dex: 13    Spells: 0 memorised, 2 levels left

rFire  . . .     SeeInvis .     a - +0 flail
rCold  . . .     Gourm    .     b - +0 scale mail
rNeg   . . .     Faith    .     c - +0 shield
rPois  .         Spirit   .     (no helmet)
rElec  .         Dismiss  .     k - +0 cloak
rCorr  .         Reflect  .     (no gloves)
SustAt .         Harm     .     (no boots)
MR     .....                    (no amulet)
Stlth  ..........               (no ring)
                                (no ring)

@: not resistant to hostile enchantments, extremely unstealthy
A: rugged brown scales 1
a: no special abilities


You were on level 2 of the Dungeon.
You were not hungry.

You visited 1 branch of the dungeon, and saw 2 of its levels.

You collected 50 gold pieces.

Inventory:

Hand Weapons
 a - a +0 flail (weapon)
Armour
 b - a +0 scale mail (worn)
 c - a +0 shield (worn)
 k - a +0 cloak (worn)
Scrolls
 h - 2 scrolls of teleportation {unknown}
 j - a scroll of remove curse {unknown}
 m - a scroll of identify {unknown}
Potions
 d - a potion of might
 e - 2 potions of heal wounds {unknown}
 i - 2 potions of resistance {unknown}
 l - 2 potions of curing
Comestibles
 f - a bread ration
 g - 2 meat rations
 n - 3 chunks of flesh


   Skills:
 + Level 3.5 Fighting
 * Level 3.1 Maces & Flails
 - Level 2.6 Armour
 - Level 2.6 Shields


You had 2 spell levels left.
You didn't know any spells.

Dungeon Overview and Level Annotations

Branches:
Dungeon (2/15)

Altars:
Fedhas
Zin

Shops:
D:2 *


Innate Abilities, Weirdness & Mutations

You are partially covered in rugged brown scales (AC +1, +3% HP).


Message History

Drink which item? (? for menu, Esc to quit)
It was a potion of curing.
You feel better. The gnoll hits you but does no damage.
The gnoll hits you from afar with a spear.
You thump the gnoll!
You kill the gnoll!
Your Maces & Flails skill increases to level 3!
The gnoll hits you from afar with a spear.
* * * LOW HITPOINT WARNING * * *
You see here a whip.
The gnoll hits you with a spear.
* * * LOW HITPOINT WARNING * * *
You hit the gnoll.
The gnoll is heavily wounded.
The gnoll hits you with a spear.
* * * LOW HITPOINT WARNING * * *
You barely miss the gnoll.
The gnoll is heavily wounded.
The gnoll hits you but does no damage. The gnoll hits you with a spear.
You die...

#.......# #..#..#.## #.......#
#..#.....#
#####.......###..#..#.##
......................#
............####.#....#
#.####.###.#####.#..#.# #
#.####.# #..........#.# #
.......# #.#####)#..#.#
..##.#.###.#####@#..#.# ###
.......[........g#....# ##..
..##.##..........#....##### #.##
..........................####.##
..#..##.........÷................
..#...............÷........###..#
..........................##⌠##.#
......#..#.####..#..###.#..#_#..#
...........####..#...............


You could see a gnoll.

Vanquished Creatures
  An adder (D:2)
  2 gnolls (D:2)
  A worm (D:2)
  3 giant cockroaches (D:2)
  4 hobgoblins
  2 kobolds (D:1)
  A bat (D:2)
  2 rats
16 creatures vanquished.

Notes
Turn   | Place    | Note
--------------------------------------------------------------
     0 | D:1      | Ijustatesigmund the Demonspawn Fighter began the quest for the Orb.
     0 | D:1      | Reached XP level 1. HP: 18/18 MP: 1/1
   620 | D:2      | Gained mutation: You are partially covered in rugged brown scales (AC +1, +3% HP). [demonic ancestry]
   620 | D:2      | Reached XP level 2. HP: 18/24 MP: 2/2
   642 | D:2      | Found a blossoming altar of Fedhas.
   901 | D:2      | Found a glowing silver altar of Zin.
   901 | D:2      | Found Zin's Purification Station.
  1108 | D:2      | Reached XP level 3. HP: 8/29 MP: 3/3
  1116 | D:2      | Slain by a gnoll

Vault maps used:
D:1:      dpeg_arrival_tiny_c, minivault_14, feat_on_display
D:2:      led_sif_pool, marbit_many_paths, zin_purify

Action                   || total
-------------------------++-------
Melee: Flail             ||    58
  Use: Potion            ||     1
  Eat: Chunk             ||     1
